 Dungeon Crawl Stone Soup version 0.22.1-2-g9c5b331383 (webtiles) character file.

191 Gargoyl the Skirmisher (level 5, 0/45 HPs)
             Began as a Centaur Abyssal Knight on Nov 13, 2018.
             Was a Believer of Lugonu.
             Slain by a gnoll
             ... wielding a +0 halberd
              (6 damage)
             ... on level 3 of the Dungeon.
             The game lasted 00:03:41 (2380 turns).

Gargoyl the Skirmisher (Centaur Abyssal Knight)     Turns: 2380, Time: 00:03:42

Health: 0/45       AC: 11    Str: 20    XL:     5   Next: 41%
Magic:  7/7        EV:  5    Int: 11    God:    Lugonu [**....]
Gold:   84         SH:  0    Dex:  9    Spells: 4/4 levels left

rFire    . . .     SeeInvis .   a - +1 hand axe
rCold    . . .     Gourm    .   (no shield)
rNeg     . . .     Faith    .   e - +0 chain mail
rPois    +         Spirit   .   (no helmet)
rElec    .         Reflect  .   d - +2 cloak {rPois}
rCorr    .         Harm     .   (no gloves)
MR       .....                  (no barding)
Stlth    ..........             (no amulet)
HPRegen  0.15/turn              (no ring)
MPRegen  0.10/turn              (no ring)

@: mighty, flying, very slightly contaminated, invisible, very quick
A: large, hooves 3, deformed body, speed 2, tough skin 3
a: Depart the Abyss, Bend Space, Renounce Religion


You were on level 3 of the Dungeon.
You worshipped Lugonu.
Lugonu was pleased with you.
You were not hungry.

You visited 1 branch of the dungeon, and saw 3 of its levels.
You visited the Abyss 1 time.

You collected 84 gold pieces.

Inventory:

Hand Weapons
 a - a +1 hand axe (weapon)
 k - a +4 whip
Missiles
 f - 7 tomahawks (quivered)
Armour
 d - a +2 cloak of poison resistance (worn)
 e - a +0 chain mail (worn)
Scrolls
 m - a scroll of identify
Potions
 j - a potion of flight
Comestibles
 c - 5 rations
 h - a chunk of flesh


   Skills:
 + Level 3.6 Fighting
 + Level 2.9(3.1) Axes
 + Level 1.2(2.2) Maces & Flails
 * Level 2.5 Armour
 + Level 1.2 Dodging
 * Level 2.9 Invocations


You had 4 spell levels left.
You didn't know any spells.
Your spell library was empty.

Dungeon Overview and Level Annotations

Branches:
Dungeon (3/15)

Altars:
Elyvilon


Innate Abilities, Weirdness & Mutations

You have hooves in place of feet.
Armour fits poorly on your strangely shaped body.
You cover ground very quickly.
You have extremely tough skin. (AC +3)


Message History

Unknown command.
You closely miss the gnoll. You hit the gnoll but do no damage. x2
The gnoll hits you with a halberd.
* * * LOW HITPOINT WARNING * * *
The gnoll hits you but does no damage. x2
Unknown command.
It was a potion of flight.
You feel very buoyant.
You fly up into the air.
The gnoll hits you with a club.
* * * LOW HITPOINT WARNING * * *
The gnoll barely misses you. The gnoll hits you but does no damage.
It was a potion of invisibility.
You fade into invisibility!
The gnoll hits you but does no damage. The gnoll barely misses you.
The gnoll hits you but does no damage.
You are very lightly contaminated with residual magic.
It was a potion of might.
You feel very mighty all of a sudden. The gnoll hits you but does no damage.
The gnoll hits you with a halberd.
You die...

..........#.#.....#
.####......#.....#
#...<..####.....#
#..?...# #.....# #
######.####.....#
#.#................
..........###.######
#.....).g..#
.......@g..#
........g..#
#..........#
..<#+#####..# ###
.... .....# .....#
....# .>..


You could see 3 gnolls.

Vanquished Creatures
  Crazy Yiuf (D:2)
  Natasha (thrice) (D:2)
  An adder (D:2)
  2 worms
  3 dart slugs (D:1)
  A leopard gecko (D:2)
  An orc (D:3)
  6 bats
  7 giant cockroaches
  8 goblins
  6 hobgoblins
  7 jackals
  5 kobolds (D:1)
  A ball python (D:2)
  4 frilled lizards
  6 rats
62 creatures vanquished.

Notes
Turn   | Place    | Note
-------+----------+-------------------------------------------
     0 | Abyss:1  | Gargoyl the Centaur Abyssal Knight began the quest for the
                  | Orb.
     0 | Abyss:1  | Reached XP level 1. HP: 19/19 MP: 2/2
    27 | Abyss:2  | Found a corrupted altar of Lugonu.
   107 | Abyss:2  | Noticed a small abomination
   117 | D:1      | Escaped the Abyss
   261 | D:1      | Reached skill level 1 in Dodging
   261 | D:1      | Reached XP level 2. HP: 17/26 MP: 3/3
   262 | D:1      | Reached * piety under Lugonu
   556 | D:1      | Reached XP level 3. HP: 18/31 MP: 4/4
  1058 | D:2      | Found a runed door.
  1100 | D:2      | Noticed Natasha
  1107 | D:2      | Killed Natasha
  1107 | D:2      | Reached XP level 4. HP: 25/38 MP: 5/5
  1280 | D:2      | Noticed Natasha
  1288 | D:2      | Killed Natasha
  1372 | D:2      | Found a white marble altar of Elyvilon.
  1378 | D:2      | Reached ** piety under Lugonu
  1584 | D:2      | Noticed Natasha
  1593 | D:2      | Killed Natasha
  1598 | D:2      | Reached XP level 5. HP: 15/45 MP: 5/7
  2028 | D:2      | Reached skill level 1 in Maces & Flails
  2213 | D:2      | Noticed Crazy Yiuf
  2224 | D:2      | Killed Crazy Yiuf
  2380 | D:3      | Slain by a gnoll

Skill      XL: |  1  2  3  4  5 |
---------------+----------------+-----
Axes           | 2 |  2.9
Dodging        | 1 |  1.2
Armour         | 2 |  2.5
Maces & Flails | 1 |  1.2
Fighting       | |  3.6
Invocations    | |  2.9

Action                   |  1- 3 |  4- 6 || total
-------------------------+-------+-------++-------
Melee: Hand axe          |    44 |     6 ||    50
       Kick              |     7 |    19 ||    26
       Whip              |    21 |    81 ||   102
Invok: Depart the Abyss  |     1 |       ||     1
  Use: Scroll            |     3 |       ||     3
       Potion            |     1 |     6 ||     7
  Eat: Chunk             |       |     4 ||     4
Armor: Chain mail        |    47 |    62 ||   109
Dodge: Dodged            |    24 |    29 ||    53
